 Dungeon Sprint DCSS version 0.30-a0-800-g7c544603b3 (webtiles) character file.

Game seed: 11995995397993911497

137 BigDaddyOpFi the Trooper (level 5, -4/43 (46) HPs)
             Began as a Demonspawn Fighter on Feb 21, 2023.
             Was a Believer of Qazlal.
             Slain by a wight
             ... wielding a +1 spear
              (8 damage)
             ... in the Dungeon (Sprint VII: "The Pits").
             The game lasted 00:00:48 (116 turns).

BigDaddyOpFi the Trooper (Demonspawn Fighter)        Turns: 116, Time: 00:00:49

HP:   -4/43 (46)    AC:  7    Str: 19    XL:     5   Next: 0%
MP:   5/5           EV:  9    Int:  9    God:    Qazlal [**....]
Gold: 0             SH:  7    Dex: 12    Spells: 4/4 levels left

rFire   . . .      SeeInvis .    a - +0 war axe
rCold   . . .      Faith    .    c - +0 buckler
rNeg    . . .      Spirit   .    b - +0 scale mail
rPois   .          Reflect  .    (no helmet)
rElec   .          Harm     .    (no cloak)
rCorr   .          Rampage  .    (no gloves)
Will    .....      NoTele   +    (no boots) Stlth
                                 (no amulet)
HPRegen 0.27/turn                (no ring)
MPRegen 0.09/turn                (no ring)

@: drained
A: hooves 1, foul stench 2, powered by death 1
a: Renounce Religion, Upheaval


You were in the Dungeon.
You worshipped Qazlal.
Qazlal was pleased with you.
You visited 1 branch

Inventory:

Hand Weapons
 a - a +0 war axe (weapon)
Armour
 b - a +0 scale mail (worn)
 c - a +0 buckler (worn)
Scrolls
 j - a scroll of blinking
Potions
 d - a potion of might
 e - 2 potions of invisibility
 g - a potion of haste
 h - 4 potions of magic
 i - 3 potions of berserk rage


   Skills:
 + Level 5.8 Fighting
 + Level 4.8 Axes
 + Level 5.2 Armour
 + Level 5.2 Shields


You had 4 spell levels left.
You didn't know any spells.
Your spell library was empty.

Dungeon Overview and Level Annotations

Branches:
Dungeon (1/1)

Altars:
Ashenzari
Cheibriados
Dithmenos
Fedhas
Gozag
Hepliaklqana
Kikubaaqudgha
Makhleb
Nemelex Xobeh
Okawaru
Qazlal
Ru
Sif Muna
Trog
Uskayaw
Vehumet
Wu Jian
Xom
Yredelemnul
Jiyva
Lugonu


Innate Abilities, Weirdness & Mutations

You have large cloven feet.
You sometimes emit foul miasma when damaged in melee.
You regenerate a little health from kills.


Message History

The endoplasm is almost dead.
You barely miss the bat zombie. The bat zombie closely misses you.
The bat zombie hits you but does no damage.
The endoplasm freezes you.
You are frozen.
The bat zombie barely misses you.
You slash the endoplasm!
You kill the endoplasm!
Qazlal accepts your kill.
You closely miss the jackal zombie. You hit the bat zombie.
The bat zombie closely misses you. You block the bat zombie's attack.
The bat zombie hits you but does no damage.
The jackal zombie barely misses you.
You have reached level 5!
Your demonic ancestry asserts itself...
Your foul stench grows more powerful.
The jackal zombie attacks as you move away!
The jackal zombie bites you but does no damage.
The wight attacks as you move away! The wight hits you with a +3 flail!
You feel drained.
You slash the jackal zombie!
The jackal zombie is almost destroyed.
The jackal zombie bites you but does no damage. x2
The wight completely misses you.
You slash the jackal zombie!
You destroy the jackal zombie!
Qazlal accepts your kill.
You can now call upon nature to destroy your foes.
The wight hits you from afar with a +1 spear.
You feel drained.
You barely miss the wight. Your kick misses the wight.
The wight closely misses you. You block the wight's attack. x2
You closely miss the wight. Your kick misses the wight.
The wight hits you from afar with a +1 spear.
You slash the wight!
The wight is severely damaged.
You hit the wight. The wight hits you with a +3 flail!
* * * LOW HITPOINT WARNING * * *
You emit a cloud of foul miasma!
You block the wight's attack.
The wight hits you from afar with a +1 spear!
You die...

#_______...##########
##########'##........
#.?(.')))'.##......#.
##########.##........
#...........'........
#+#####'#####......#.
#...#)# #........
#°§.#.# ####'####
#z@○†.# #.......#
##z#### #.......#
#.Zz..# #.......#
#.....# #...<...#
#....... #.......#
#........##.......#
###########.......#
#########


You could see 3 wights and a bat zombie.

Vanquished Creatures
  2 scorpions (D)
  A gnoll (D)
  An ufetubus (D)
  An endoplasm (D)
  A quokka (D)
  A jackal zombie (D)
7 creatures vanquished.

Notes
Turn   | Place    | Note
-------+----------+-------------------------------------------
     0 | D        | BigDaddyOpFi the Demonspawn Fighter began the quest for the
                  | Orb.
     0 | D        | Reached XP level 1. HP: 18/18 MP: 1/1
     8 | D        | Noticed a scorpion
    19 | D        | Killed a scorpion
    20 | D        | Gained mutation: You may rarely emit foul miasma when
                  | damaged in melee. [demonic ancestry]
    20 | D        | Reached XP level 2. HP: 25/26 MP: 2/2
    20 | D        | Gained mutation: You have large cloven feet. [demonic
                  | ancestry]
    20 | D        | Reached XP level 3. HP: 29/31 MP: 3/3
    24 | D        | Found a bloodstained altar of Trog.
    24 | D        | Found a shimmering blue altar of Sif Muna.
    24 | D        | Found a viscous altar of Jiyva.
    24 | D        | Found a hazy altar of Hepliaklqana.
    24 | D        | Found an opulent altar of Gozag.
    25 | D        | Found a basalt altar of Yredelemnul.
    25 | D        | Found a shimmering altar of Xom.
    25 | D        | Found an ornate altar of the Wu Jian Council.
    25 | D        | Found a sacrificial altar of Ru.
    25 | D        | Found a stormy altar of Qazlal.
    25 | D        | Found an iron altar of Okawaru.
    25 | D        | Found a sparkling altar of Nemelex Xobeh.
    25 | D        | Found a burning altar of Makhleb.
    25 | D        | Found a blossoming altar of Fedhas.
    25 | D        | Found a shadowy altar of Dithmenos.
    25 | D        | Found a snail-covered altar of Cheibriados.
    26 | D        | Found a radiant altar of Vehumet.
    26 | D        | Found a corrupted altar of Lugonu.
    27 | D        | Found an ancient bone altar of Kikubaaqudgha.
    27 | D        | Found a hide-covered altar of Uskayaw.
    27 | D        | Found a broken altar of Ashenzari.
    30 | D        | Became a worshipper of Qazlal Stormbringer
    53 | D        | Noticed a scorpion
    57 | D        | Killed a scorpion
    58 | D        | Reached skill level 5 in Fighting
    58 | D        | Reached skill level 5 in Armour
    58 | D        | Reached skill level 5 in Shields
    58 | D        | Gained mutation: You regenerate a little health from kills.
                  | [demonic ancestry]
    58 | D        | Reached XP level 4. HP: 32/39 MP: 4/4
    99 | D        | Reached * piety under Qazlal
   111 | D        | Gained mutation: You sometimes emit foul miasma when
                  | damaged in melee. [demonic ancestry]
   111 | D        | Reached XP level 5. HP: 36/46 MP: 5/5
   113 | D        | Reached ** piety under Qazlal
   116 | D        | Slain by a wight

Illustrated notes

Levels and vault maps discovered:
D:        pitsprint [storerooms_1, entrance_room_1, metal_vault_8, armoury_1,
          mini_pit_1, grid_room_1, main_hall_1, silver_pit, the_coven_1,
          the_vestibule_1, steel_vault_5, golden_pit, hallway_of_sentries,
          crystal_vault_1, iron_vault_4, final_vault]

Skill      XL: |  1  2  3 |
---------------+----------+-----
Fighting       | 4 5 |  5.8
Axes           | 3 4 |  4.8
Armour         | 4 5 |  5.2
Shields        | 4 5 |  5.2

Action                     |  1- 3 |  4- 6 || total
---------------------------+-------+-------++-------
  Melee: War axe           |    12 |    16 ||    28
         Kick              |     2 |     2 ||     4
    Use: Potion            |     2 |       ||     2
 Armour: Scale mail        |     5 |    16 ||    21
  Dodge: Dodged            |    10 |    16 ||    26
  Block: Buckler           |     3 |     8 ||    11

Table legend: (Time is in decaauts)
 A = Elapsed time spent in this place.
 B = Non-inter-level travel time spent in this place.
 C = Inter-level travel time spent in this place.
 D = Time resting spent in this place.
 E = Time spent auto-exploring this place.
 F = Levels seen in this place.
 G = Mean time per level.
                   A        B        C        D        E       F      G
               +--------+--------+--------+--------+--------+-----+--------+
         Total |    125 |    125 |      0 |     32 |      0 |   1 |  125.0 |
       Dungeon |    125 |    125 |      0 |     32 |      0 |   1 |  125.0 |
               +--------+--------+--------+--------+--------+-----+--------+

Top non-repeatable levels by time:
       D: 125 daAuts
